% Time on Ice - LOS ANGELES SEALS
Lines # - Real PCT - Wanted PCT - Time Play
Normal Forward
1 - 28% - 36% - 14:08
2 - 28% - 31% - 14:01
3 - 26% - 23% - 13:02
4 - 17% - 10% - 8:25
Normal Defense
1 - 32% - 36% - 15:57
2 - 30% - 31% - 14:46
3 - 34% - 23% - 16:44
4 - 4% - 10% - 2:09
PP Forward
1 - 48% - 55% - 3:13
2 - 52% - 45% - 3:33
PP Defense
1 - 67% - 55% - 4:31
2 - 33% - 45% - 2:15
PK Forward
1 - 100% - 55% - 0:14
2 - 0% - 45% - 0:00
PK Defense
1 - 100% - 55% - 0:14
2 - 0% - 45% - 0:00
PK3 Forward
1 - 0% - 55%
2 - 0% - 45%
PK3 Defense
1 - 0% - 55%
2 - 0% - 45%
44 Forward
1 - 100% - 55% - 3:09
2 - 0% - 45% - 0:00
44 Defense
1 - 46% - 55% - 1:27
2 - 54% - 45% - 1:42
Last Minute Offensive  - 0:00
Last Minute Defensive  - 0:15
Total
Forward - 60:00
Defense - 60:00
% Time on Ice - VANCOUVER VOODOO
Lines # - Real PCT - Wanted PCT - Time Play
Normal Forward
1 - 31% - 31% - 15:14
2 - 28% - 30% - 13:43
3 - 30% - 29% - 14:35
4 - 12% - 10% - 5:48
Normal Defense
1 - 41% - 36% - 20:07
2 - 28% - 33% - 13:34
3 - 26% - 31% - 12:56
4 - 6% - 0% - 2:43
PP Forward
1 - 100% - 50% - 0:14
2 - 0% - 50% - 0:00
PP Defense
1 - 100% - 50% - 0:14
2 - 0% - 50% - 0:00
PK Forward
1 - 78% - 60% - 5:16
2 - 22% - 40% - 1:30
PK Defense
1 - 59% - 58% - 3:59
2 - 41% - 42% - 2:47
PK3 Forward
1 - 0% - 50%
2 - 0% - 50%
PK3 Defense
1 - 0% - 50%
2 - 0% - 50%
44 Forward
1 - 62% - 55% - 1:57
2 - 38% - 45% - 1:12
44 Defense
1 - 56% - 50% - 1:45
2 - 44% - 50% - 1:24
Last Minute Offensive  - 0:31
Last Minute Defensive  - 0:00
Total
Forward - 60:00
Defense - 60:00
Play-by-Play 1st period 0:01 of 1st period - Jack Roslovic wins face-off versus Adam Gaudette in neutral zone. 0:04 of 1st period - Gustav Nyquist is hit by Jack Roslovic and loses puck. 0:14 of 1st period - Off-side. 0:15 of 1st period - Travis Zajac wins face-off versus Chris Conner in neutral zone. 0:50 of 1st period - Shot by Tyler Johnson. 0:50 of 1st period - Stopped by Martin Jones with a rebound. 1:03 of 1st period - Icing by Josh Manson. 1:04 of 1st period - Travis Zajac wins face-off versus Patrick Maroon in VANCOUVER VOODOO zone. 1:17 of 1st period - Icing by Nate Prosser. 1:18 of 1st period - Turner Elson wins face-off versus Victor Rask in LOS ANGELES SEALS zone. 1:26 of 1st period - Icing by Keith Yandle. 1:27 of 1st period - Victor Rask wins face-off versus Jack Roslovic in VANCOUVER VOODOO zone. 1:27 of 1st period - Victor Rask is hit by Jeff Carter. 1:55 of 1st period - Shot by Jeff Carter. 1:55 of 1st period - Goal by Jeff Carter - LOS ANGELES SEALS : 1 - VANCOUVER VOODOO : 0. 1:56 of 1st period - Kevin Rooney wins face-off versus Adam Gaudette in neutral zone. 1:56 of 1st period - Austin Watson is hit by Max Domi and loses puck. 2:02 of 1st period - Max Domi is hit by Nate Prosser and loses puck. 2:12 of 1st period - Mike Green is hit by Nate Prosser. 3:22 of 1st period - Max Jones is hit by Patrick Maroon and loses puck. 3:34 of 1st period - Jack Roslovic is hit by Danny DeKeyser and loses puck. 3:37 of 1st period - Shot by Jeff Carter. 3:37 of 1st period - Shot Blocked by Danny DeKeyser. 6:29 of 1st period - Gustav Nyquist is hit by Jonathan Ericsson and loses puck. 6:54 of 1st period - Shot by Travis Zajac. 6:54 of 1st period - Shot Blocked by Jack Roslovic. 7:33 of 1st period - Icing by Victor Rask. 7:34 of 1st period - Victor Rask wins face-off versus Chris Conner in VANCOUVER VOODOO zone. 7:56 of 1st period - Shot by Nicolas Roy. 7:56 of 1st period - Stopped by Carter Hutton without a rebound. 7:57 of 1st period - Adam Gaudette wins face-off versus Turner Elson in LOS ANGELES SEALS zone. 7:58 of 1st period - Shot by Max Domi. 7:58 of 1st period - Stopped by Carter Hutton without a rebound. 7:59 of 1st period - Jack Roslovic wins face-off versus Gustav Nyquist in LOS ANGELES SEALS zone. 8:40 of 1st period - Shot by Adam Gaudette. 8:40 of 1st period - Shot Misses the Net. 8:49 of 1st period - Icing by Adam Boqvist. 8:50 of 1st period - Nicolas Roy wins face-off versus Jack Roslovic in LOS ANGELES SEALS zone. 8:55 of 1st period - Shot by Brendan Lemieux. 8:55 of 1st period - Shot Misses the Net. 8:57 of 1st period - Shot by Victor Rask. 8:57 of 1st period - Shot Misses the Net. 8:59 of 1st period - Shot by Victor Rask. 8:59 of 1st period - Deflect By Nicolas Roy. 8:59 of 1st period - Shot Misses the Net. 9:07 of 1st period - Shot by Brendan Lemieux. 9:07 of 1st period - Shot Misses the Net. 9:21 of 1st period - Shot by Brendan Lemieux. 9:21 of 1st period - Stopped by Carter Hutton without a rebound. 9:22 of 1st period - Travis Zajac wins face-off versus Darren Helm in LOS ANGELES SEALS zone. 9:54 of 1st period - Shot by Travis Zajac. 9:54 of 1st period - Stopped by Carter Hutton without a rebound. 9:55 of 1st period - Adam Gaudette wins face-off versus Turner Elson in LOS ANGELES SEALS zone. 9:58 of 1st period - Shot by Gustav Nyquist. 9:58 of 1st period - Shot Misses the Net. 10:00 of 1st period - Shot by Gustav Nyquist. 10:00 of 1st period - Stopped by Carter Hutton without a rebound. 10:01 of 1st period - Adam Gaudette wins face-off versus Patrick Maroon in LOS ANGELES SEALS zone. 10:14 of 1st period - Shot by Gustav Nyquist. 10:14 of 1st period - Shot Misses the Net. 10:46 of 1st period - Shot by Adam Gaudette. 10:46 of 1st period - Shot Misses the Net. 10:55 of 1st period - Patrick Maroon is hit by Nicolas Hague and loses puck. 11:12 of 1st period - Shot by Brendan Lemieux. 11:12 of 1st period - Shot Misses the Net. 11:22 of 1st period - Shot by Brendan Lemieux. 11:22 of 1st period - Stopped by Carter Hutton without a rebound. 11:23 of 1st period - Chris Conner wins face-off versus Travis Zajac in LOS ANGELES SEALS zone. 11:25 of 1st period - Icing by Tyler Johnson. 11:26 of 1st period - Travis Zajac wins face-off versus Chris Conner in LOS ANGELES SEALS zone. 11:50 of 1st period - Minor Penalty to Travis Zajac for Holding. 11:51 of 1st period - Mark Jankowski wins face-off versus Jack Roslovic in VANCOUVER VOODOO zone. 11:51 of 1st period - Mark Jankowski is hit by Jack Roslovic. 12:01 of 1st period - Josh Manson is hit by Tyler Johnson and loses puck. 12:06 of 1st period - Shot by Jeff Carter. 12:06 of 1st period - Stopped by Martin Jones without a rebound. 12:07 of 1st period - Mark Jankowski wins face-off versus Patrick Maroon in VANCOUVER VOODOO zone. 14:14 of 1st period - Shot by Mark Jankowski. 14:14 of 1st period - Shot Misses the Net. 14:54 of 1st period - Shot by Paul Byron. 14:54 of 1st period - Shot Misses the Net. 14:56 of 1st period - Shot by Paul Byron. 14:56 of 1st period - Shot Blocked by Adam Boqvist. 15:12 of 1st period - Icing by Shayne Gostisbehere. 15:13 of 1st period - Kevin Rooney wins face-off versus Adam Gaudette in LOS ANGELES SEALS zone. 15:45 of 1st period - Shot by Gustav Nyquist. 15:45 of 1st period - Shot Misses the Net. 15:50 of 1st period - Minor Penalty to Brendan Lemieux for Holding. 15:51 of 1st period - Travis Zajac wins face-off versus Patrick Maroon in VANCOUVER VOODOO zone. 16:07 of 1st period - Paul Byron is hit by Marcus Pettersson. 16:10 of 1st period - Mark Jankowski is hit by Marcus Pettersson and loses puck. 16:14 of 1st period - Icing by Marcus Pettersson. 16:15 of 1st period - Patrick Maroon wins face-off versus Travis Zajac in LOS ANGELES SEALS zone. 16:15 of 1st period - Patrick Maroon is hit by Travis Zajac. 17:37 of 1st period - Shot by Jeff Carter. 17:37 of 1st period - Stopped by Martin Jones without a rebound. 17:38 of 1st period - Jack Roslovic wins face-off versus Mark Jankowski in VANCOUVER VOODOO zone. 18:59 of 1st period - Shot by Gusta